 Dungeon Crawl Stone Soup version 0.29.0-3-gbb0933ed62 (webtiles) character file.

Game seed: 8997490561938329770

12 sking99 the Grasshopper (level 2, 18/18 HPs)
             Began as a Gargoyle Warper on Aug 23, 2022.
             Got out of the dungeon alive.
             The game lasted 00:01:54 (862 turns).

sking99 the Grasshopper (Gargoyle Warper)            Turns: 862, Time: 00:01:54

Health: 18/18      AC:  6    Str: 14    XL:     2   Next: 33%
Magic:  5/5        EV: 11    Int: 13    God:
Gold:   34         SH:  0    Dex:  9    Spells: 5/5 levels left

rFire   . . .      SeeInvis .   a - +0 mace
rCold   . . .      Faith    .   (no shield)
rNeg    + . .      Spirit   .   b - +0 leather armour
rPois   ∞          Reflect  .   (no helmet)
rElec   +          Harm     .   (no cloak)
rCorr   .          Rampage  .   (no gloves)
Will    .....                   (no boots)
Stlth   +.........              (no amulet)
HPRegen 0.06/turn               (no ring)
MPRegen 0.09/turn               (no ring)

@: no status effects
A: sickness immunity, AC +2, negative energy resistance 1, electricity
resistance, torment resistance 1, petrification resistance
a: no special abilities


You escaped.
You visited 1 branch of the dungeon, and saw 1 of its levels.

You collected 34 gold pieces.

Inventory:

Hand Weapons
 a - a +0 mace (weapon)
Missiles
 d - 7 boomerangs of dispersal (quivered)
Armour
 b - a +0 leather armour (worn)
Scrolls
 c - a scroll of blinking
 e - a scroll of fear {unknown}


   Skills:
 + Level 2.4 Fighting
 * Level 2.5 Maces & Flails
 - Level 0.8 Throwing
 + Level 1.5 Armour
 - Level 1.5 Dodging
 - Level 2.0 Spellcasting
 - Level 2.6 Translocations


You had 5 spell levels left.
You didn't know any spells.
Your spell library contained the following spells:

 Spells                   Type           Power      Damage    Failure   Level
 Blink                    Tloc           16%        N/A       16%         2
 Gell's Gravitas          Tloc           8%         N/A       30%         3
 Lesser Beckoning         Tloc           8%         N/A       30%         3
 Teleport Other           Tloc           8%         N/A       30%         3
 Manifold Assault         Tloc           8%         N/A       96%         5


Dungeon Overview and Level Annotations

Branches:
Dungeon (1/15)

Altars:


Innate Abilities, Weirdness & Mutations

You are immune to sickness and miasma.
Your stone body is resilient. (AC +2)
You are immune to poison.
You resist negative energy. (rN+)
You are resistant to electric shocks. (rElec)
You are resistant to unholy torment.
You are immune to petrification.


Message History

You are too injured to fight recklessly!
You are too injured to fight recklessly!
You barely miss the endoplasm.
The endoplasm is heavily wounded.
The endoplasm closely misses you.
You sock the endoplasm!
You kill the endoplasm!
You start resting.
A kobold comes into view. It is wielding a +0 dagger.
You see here a +0 helmet.
The kobold shouts!
You hit the kobold but do no damage.
The kobold hits you with a +0 dagger. x2
You barely miss the kobold. The kobold misses you.
You hit the kobold.
The kobold is severely wounded.
The kobold hits you with a +0 dagger.
You barely miss the kobold.
The kobold is severely wounded.
The kobold hits you with a +0 dagger.
* * * LOW HITPOINT WARNING * * *
The kobold barely misses you.
You barely miss the kobold.
The kobold is severely wounded.
The kobold hits you but does no damage.
Welcome back, sking99 the Gargoyle Warper.
Press ? for a list of commands and other information.
You barely miss the kobold.
The kobold is severely wounded.
The kobold hits you with a +0 dagger.
* * * LOW HITPOINT WARNING * * *
You hit the kobold.
You kill the kobold!
Things that are here:
a +0 dagger; a kobold corpse HP restored.
Found 6 stones.
There is a staircase leading out of the dungeon here.
You can't go down here!
Are you sure you want to leave the Dungeon?
This will make you lose the game!
You have escaped!

#........##.# #.# #.#
#.###.......# #.#
#.########......############.#
#.#..........................#
#.#.#####.#####.#####.#####..#
##.#..###...###...###...###...#
.......#.....#.....#.....#....#
##......#####.......## ##...|.#
..[......###....@....###......#
...##.....#...........#.....#.#
......)....#####.#####.....##.#
...##.#.....###...###.....#......
...##.##.....#.....#.....##..###.
...##.#.#.....#####.....#......
...##.#..#.....###.....##....##.
#.###.#.........#.....#####.####.
..#.##.#.........#........#.


There were no monsters in sight!

Vanquished Creatures
  A dart slug (D:1)
  An endoplasm (D:1)
  A goblin (D:1)
  5 kobolds (D:1)
  2 rats (D:1)
10 creatures vanquished.

Notes
Turn   | Place    | Note
-------+----------+-------------------------------------------
     0 | D:1      | sking99 the Gargoyle Warper began the quest for the Orb.
     0 | D:1      | Reached XP level 1. HP: 12/12 MP: 3/3
   266 | D:1      | Reached XP level 2. HP: 12/18 MP: 5/5
   620 | D:1      | Upgraded the game from 0.29-b1-11-g2030932060 to
                  | 0.29.0-3-gbb0933ed62
   862 | D:$      | Got out of the dungeon alive.

Illustrated notes

Levels and vault maps discovered:
D:1:      onia_arrival_pyramid, layout_basic, nicolae_ecumenical_snake_handling

Action                   || total
-------------------------++-------
Melee: Mace              ||    37
Armor: Leather armour    ||    10
Dodge: Dodged            ||    18
